 Dungeon Crawl Stone Soup version 0.25.1-2-g60ff931df9 (webtiles) character file.

Game seed: 13822270249547357801

97 Martska the Chucker (level 4, 0/72 HPs)
             Began as an Ogre Hunter on Oct 17, 2020.
             Succumbed to an adder's poison
             ... on level 2 of the Dungeon.
             The game lasted 00:02:22 (2406 turns).

Martska the Chucker (Ogre Hunter)                   Turns: 2406, Time: 00:02:23

Health: 0/72       AC: 22    Str: 19    XL:     4   Next: 68%
Magic:  4/4        EV:  1    Int: 12    God:
Gold:   57         SH:  0    Dex:  9    Spells: 3/3 levels left

rFire    + . .     SeeInvis .   s - +0 mace
rCold    + . .     Gourm    .   (no shield)
rNeg     + + +     Faith    .   (armour currently unavailable)
rPois    +         Spirit   .   (helmet currently unavailable)
rElec    +         Reflect  .   (cloak currently unavailable)
rCorr    +         Harm     .   (gloves unavailable)
MR       .....     NoTele   +   (boots unavailable)
Stlth    +.........             (no amulet)
HPRegen  0.22/turn              (no ring)
MPRegen  0.09/turn              (no ring)

@: mighty, lethally poisoned (0 -> -5), tree-form, resistant, hasted, very quick
A: large, unfitting armour, screaming 1, strong 1, subdued magic 1
a: no special abilities


You were on level 2 of the Dungeon.
You were not hungry.
You were a tree.
You visited 1 branch of the dungeon, and saw 2 of its levels.

You collected 57 gold pieces.

Inventory:

Hand Weapons
 a - a +0 short sword
 i - a +0 whip
 s - a +0 mace (weapon)
Missiles
 d - 2 throwing nets (quivered)
Armour
 b - a +0 robe (melded)
Jewellery
 k - a cursed ring of teleportation {unknown}
Wands
 l - a wand of polymorph (13)
Scrolls
 h - a scroll of fear {unknown}
 j - a scroll of enchant armour {unknown}
 p - a scroll of remove curse {unknown}
Potions
 e - a potion of might
Comestibles
 f - 2 rations
 q - a chunk of flesh


   Skills:
 * Level 4.2 Fighting
 * Level 1.6 Maces & Flails
 * Level 4.7 Throwing
 - Level 2.1 Dodging
 - Level 0.6 Stealth


You had 3 spell levels left.
You didn't know any spells.
Your spell library was empty.

Dungeon Overview and Level Annotations

Branches:
Dungeon (2/15)

Altars:


Innate Abilities, Weirdness & Mutations

You are too large for most types of armour.
((You have tough skin. (AC +1)))
((You have sharp toenails.))
You occasionally shout uncontrollably at your foes.
Your muscles are strong. (Str +2)
Your spells are a little easier to cast, but a little less powerful.


Message History

You feel protected.
* * * LOW HITPOINT WARNING * * *
You feel sick. The adder barely misses you.
It was a potion of flight.
You feel very buoyant.
You fly up into the air.
The adder closely misses you.
It was a potion of lignification.
You turn into a tree.
Your +0 robe melds into your body.
Your roots penetrate the ground.
* * * LOW HITPOINT WARNING * * *
You feel sick.
You closely miss the adder.
The adder is moderately wounded.
* * * LOW HITPOINT WARNING * * *
You feel sick.
The adder bites you but does no damage. x2
You miss the adder.
The adder is moderately wounded.
The adder bites you but does no damage.
You closely miss the adder.
The adder is moderately wounded.
You die...

###### #.(..# #....#
#....# ###....#
......# #.S..# #.♣..#
##..## ### ##.# #..
#.# #.. #.## #######
#.. #..# #.....# #..
##.## #.....# #..
######..###.....###..
...............[.....


You could see an adder.

Vanquished Creatures
  Terence (D:2)
  Robin (D:1)
  An ooze (D:2)
  A worm (D:2)
  A dart slug (D:2)
  2 leopard geckos
  3 bats (D:1)
  2 giant cockroaches (D:1)
  8 hobgoblins
  2 ball pythons
  15 goblins
  6 kobolds
  3 rats
46 creatures vanquished.

Notes
Turn   | Place    | Note
-------+----------+-------------------------------------------
     0 | D:1      | Martska the Ogre Hunter began the quest for the Orb.
     0 | D:1      | Reached XP level 1. HP: 22/22 MP: 1/1
   236 | D:1      | Reached XP level 2. HP: 30/31 MP: 2/2
  1112 | D:2      | Noticed Robin
  1174 | D:1      | Reached XP level 3. HP: 29/37 MP: 3/3
  1391 | D:1      | Killed Robin
  1391 | D:1      | Reached skill level 1 in Maces & Flails
  1947 | D:2      | Reached XP level 4. HP: 46/48 MP: 4/4
  2338 | D:2      | Noticed Terence
  2345 | D:2      | Killed Terence
  2399 | D:2      | Gained mutation: Your muscles are strong. (Str +2) [potion
                  | of mutation]
  2399 | D:2      | Gained mutation: You occasionally shout uncontrollably at
                  | your foes. [potion of mutation]
  2399 | D:2      | Gained mutation: Your spells are a little easier to cast,
                  | but a little less powerful. [potion of mutation]
  2399 | D:2      | Gained mutation: You have sharp toenails. [potion of
                  | mutation]
  2400 | D:2      | HP: 2/48 [poisoned by an adder]
  2406 | D:2      | Succumbed to an adder's poison

Illustrated notes

Levels and vault maps discovered:
D:1:      kennysheep_arrival_forest, layout_basic
D:2:      layout_basic, uniq_terence, uniq_robin

Skill      XL: |  1  2  3  4 |
---------------+-------------+-----
Fighting       | 3 4 |  4.2
Dodging        | 2 |  2.1
Maces & Flails | 1 |  1.6
Throwing       | |  4.7
Stealth        | |  0.6

Action                   |  1- 3 |  4- 6 || total
-------------------------+-------+-------++-------
Melee: Short sword       |    18 |       ||    18
       Whip              |   109 |    37 ||   146
       Mace              |       |    14 ||    14
Throw: Large rock        |     4 |     8 ||    12
  Use: Potion            |       |     6 ||     6
  Eat: Chunk             |     3 |     2 ||     5
Armor: Robe              |    40 |     9 ||    49
       Skin              |       |     3 ||     3
Dodge: Dodged            |    97 |    36 ||   133
